 Dungeon Crawl Stone Soup version 0.29.0-4-gdea44cf6ec (webtiles) character file.

Game seed: 2666050073646667402

381 gelatine the Firebug (level 6, -21/46 HPs)
             Began as a Demonspawn Fire Elementalist on Aug 26, 2022.
             Killed by an exploding Dowan (24 damage)
             ... ignited by their inner flame
             ... on level 4 of the Dungeon.
             The game lasted 00:13:54 (4709 turns).

gelatine the Firebug (Demonspawn Fire Elementalist) Turns: 4709, Time: 00:13:55

Health: -21/46     AC: 12    Str:  8    XL:     6   Next: 46%
Magic:  8/11       EV:  8    Int: 22    God:
Gold:   231        SH:  0    Dex: 13    Spells: 9/12 levels left

rFire   . . .      SeeInvis .   n - +4 quarterstaff (chaos)
rCold   . . .      Faith    .   (shield currently unavailable)
rNeg    . . .      Spirit   .   t - +5 scale mail of Snakes and Ladders {Int+3 Stlth+}
rPois   .          Reflect  .   (no helmet)
rElec   .          Harm     .   o - +0 cloak
rCorr   .          Rampage  .   (no gloves)
Will    .....                   (no boots)
Stlth   ++........              (no amulet)
HPRegen 0.15/turn               q - ring of wizardry
MPRegen 0.12/turn               (no ring)

@: no status effects
A: hooves 2, powered by pain 1, demonic magic 1
a: no special abilities


You were on level 4 of the Dungeon.
You visited 1 branch of the dungeon, and saw 4 of its levels.

You collected 231 gold pieces.

Inventory:

Hand Weapons
 n - a +4 quarterstaff of chaos (weapon)
Missiles
 a - 3 datura-tipped darts
 w - 3 atropa-tipped darts
Armour
 k - a +0 robe of willpower
 o - a +0 cloak (worn)
 t - the +5 scale mail of Snakes and Ladders (worn) {Int+3 Stlth+}
   (You found it on level 3 of the Dungeon)

   Int:       It affects your intelligence (+3).
   Stlth:     It makes you more stealthy.
Magical Staves
 g - a staff of poison
 y - a staff of air
Jewellery
 q - a ring of wizardry (left hand)
Scrolls
 d - 2 scrolls of teleportation {unknown}
 l - 2 scrolls of noise {unknown}
 m - 3 scrolls of identify {unknown}
 s - a scroll of torment {unknown}
 u - 4 scrolls of silence {unknown}
 v - a scroll of blinking {unknown}
 z - a scroll of poison {unknown}
Potions
 b - a potion of mutation {unknown}
 c - a potion of haste
 e - a potion of berserk rage {unknown}
 h - 2 potions of invisibility {unknown}
 i - 3 potions of heal wounds
 j - a potion of curing {unknown}
 p - 2 potions of degeneration {unknown}
 r - 2 potions of brilliance {unknown}
 x - a potion of cancellation {unknown}


   Skills:
 * Level 2.4 Fighting
 + Level 1.4 Staves
 + Level 0.6 Armour
 + Level 1.9 Dodging
 - Level 2.2 Stealth
 + Level 3.5 Spellcasting
 + Level 1.2 Conjurations
 + Level 4.2 Fire Magic
 + Level 1.1 Poison Magic
 + Level 1.0 Evocations


You had 9 spell levels left.
You knew the following spells:

 Your Spells              Type           Power      Damage    Failure   Level
a - Foxfire               Conj/Fire      60%        2x1d7     16%         1
b - Scorch                Fire           44%        2d7       13%         2

Your spell library contained the following spells:

 Spells                   Type           Power      Damage    Failure   Level
 Conjure Flame            Conj/Fire      15%        6-21      41%         3
 Inner Flame              Hex/Fire       13%        N/A       50%         3
 Sublimation of Blood     Necr           3%         N/A       56%         2
 Wereblood                Tmut           3%         N/A       56%         2
 Summon Guardian Golem    Hex/Summ       3%         N/A       78%         3
 Tukima's Dance           Hex            3%         N/A       78%         3
 Flame Wave               Conj/Fire      15%        2d7       80%         4
 Animate Armour           Summ/Erth      6%         N/A       99%         4
 Cause Fear               Hex            1%         N/A       99%         4
 Blade Hands              Tmut           1%         N/A       100%        5
 Summon Mana Viper        Hex/Summ       3%         N/A       100%        5
 Iron Shot                Conj/Erth      3%         9d2       100%        6
 Dragon Form              Tmut           1%         N/A       100%        7
 Summon Hydra             Summ           1%         N/A       100%        7
 Discord                  Hex            1%         N/A       100%        8
 Dragon's Call            Summ           1%         N/A       100%        9
 Fire Storm               Conj/Fire      7%         8d2       100%        9


Dungeon Overview and Level Annotations

Branches:
Dungeon (4/15)
 Temple: D:4-7

Altars:

Shops:
D:1 [


Innate Abilities, Weirdness & Mutations

You have hoof-like feet.
You sometimes gain a little power by taking damage.
Spells you cast may paralyse adjacent enemies.


Message History

Casting: Scorch (safe; 13% risk of failure)
Confirm with . or Enter, or press ? or * to list all spells.
You don't have enough magic to cast this spell.
Casting: Scorch (safe; 13% risk of failure)
Confirm with . or Enter, or press ? or * to list all spells.
You conjure some foxfire!
Malevolent energies surge around you.
Dowan suddenly stops moving!
Duvessa hits you with a +1 short sword of speed.
Duvessa hits you but does no damage.
The helpless Dowan fails to defend himself.
You hit Dowan.
Flame seeps out of Dowan.
You feel better.
Flame seeps out of Dowan.
You kick Dowan.
Dowan is heavily wounded.
The orc is no longer more vulnerable to fire.
The foxfire hits Duvessa.
Flame seeps out of Duvessa.
Duvessa is heavily wounded.
Duvessa is engulfed in blazing flames.
Flame seeps out of Duvessa.
Duvessa hits you but does no damage.
Duvessa is engulfed in blazing flames.
Flame seeps out of Duvessa.
Duvessa barely misses you.
Dowan is engulfed in blazing flames.
Flame seeps out of Dowan.
The orc wizard gestures wildly while chanting.
The orc wizard flickers and vanishes!
Duvessa is engulfed in blazing flames.
Dowan seems to find hidden reserves of power!
Duvessa explodes!
The fiery explosion engulfs Dowan!!
The fiery explosion engulfs you!!
Ouch! That really hurt!
* * * LOW HITPOINT WARNING * * *
You focus on the pain.
You feel your power returning.
The fiery explosion engulfs something!!
Reactivating autopickup.
You feel a bit more experienced.
The orc wizard explodes!
The fiery explosion engulfs something!!!
You feel a bit more experienced.
The orc wizard explodes!
The fiery explosion engulfs the orc!!
The orc explodes!
Dowan explodes!
The fiery explosion engulfs you!!
Ouch! That really hurt!
You die...

~~~~~ #.#.........
..~~~~~.............
.#o.~#...#........(
...§§.. #.........
#..§§.# #......)..
#o#§§.# .#.........
###§#§#.##...........
#..§○○#....##........
#.##@##..#.###......>
#v§.....####.#....
###..#....#..#....
#..#..#.........
#...........##..
#...........###.
#.#.........# #.
##.#.........###.
#........##......


You could see an orc (inner flame).

Vanquished Creatures
  Duvessa (D:4)
  An ogre (D:4)
  Dowan (D:4)
  A hound (D:4)
  Crazy Yiuf (D:2)
  Terence (D:2)
  2 orc wizards (D:4)
  Natasha (twice) (D:4)
  4 adders
  3 gnolls (D:3)
  3 worms
  2 dart slugs
  3 orcs
  6 ball pythons
  6 bats
  9 endoplasms
  6 giant cockroaches
  6 goblins
  6 hobgoblins
  2 jackals (D:2)
  6 kobolds
  3 quokkas
  5 frilled lizards
  10 rats
90 creatures vanquished.

Vanquished Creatures (others)
  130 foxfires
130 creatures vanquished.

Grand Total: 220 creatures vanquished

Notes
Turn   | Place    | Note
-------+----------+-------------------------------------------
     0 | D:1      | gelatine the Demonspawn Fire Elementalist began the quest
                  | for the Orb.
     0 | D:1      | Reached XP level 1. HP: 13/13 MP: 3/3
   124 | D:1      | Found a faded altar of an unknown god.
   187 | D:1      | Reached skill level 3 in Fire Magic
   424 | D:1      | Found Kaosian's Antique Armour Emporium.
   425 | D:1      | Gained mutation: Spells you cast may paralyse adjacent
                  | enemies. [demonic ancestry]
   425 | D:1      | Reached XP level 2. HP: 19/19 MP: 0/5
  1595 | D:1      | Gained mutation: You sometimes gain a little power by
                  | taking damage. [demonic ancestry]
  1595 | D:1      | Reached XP level 3. HP: 23/25 MP: 2/6
  1829 | D:2      | Noticed Terence
  1921 | D:1      | Learned a level 2 spell: Scorch
  2191 | D:2      | Reached skill level 1 in Fighting
  2284 | D:2      | Reached skill level 1 in Poison Magic
  2494 | D:2      | Found a runed translucent door.
  2495 | D:2      | Noticed Crazy Yiuf
  2530 | D:2      | Gained mutation: You have large cloven feet. [demonic
                  | ancestry]
  2530 | D:2      | Reached XP level 4. HP: 32/32 MP: 2/7
  2617 | D:2      | Killed Terence
  2943 | D:2      | HP: 1/33 [Crazy Yiuf/+4 quarterstaff of chaos (16)]
  2945 | D:2      | Killed Crazy Yiuf
  2946 | D:2      | Reached skill level 1 in Evocations
  3411 | D:3      | Reached XP level 5. HP: 38/38 MP: 0/8
  3713 | D:3      | Identified the +5 scale mail of Snakes and Ladders {Int+3
                  | Stlth+}
  4040 | D:3      | Reached skill level 4 in Fire Magic
  4251 | D:3      | Got Sif Muna's Almanac of Molten Enchantment
  4513 | D:4      | Noticed Natasha
  4513 | D:4      | Noticed an ogre
  4525 | D:4      | Killed an ogre
  4526 | D:4      | Reached skill level 1 in Staves
  4526 | D:4      | Gained mutation: You have hoof-like feet. [demonic
                  | ancestry]
  4526 | D:4      | Reached XP level 6. HP: 46/46 MP: 7/10
  4529 | D:4      | Killed Natasha
  4686 | D:4      | Noticed Natasha
  4694 | D:4      | Noticed Dowan
  4696 | D:4      | Killed Natasha
  4697 | D:4      | Noticed Duvessa
  4709 | D:4      | Killed Duvessa
  4709 | D:4      | Killed Dowan
  4709 | D:4      | Killed by an exploding Dowan... ignited by their inner
                  | flame

Illustrated notes

Levels and vault maps discovered:
D:1:      minmay_arrival_four_loops, layout_loops_corners, serial_shops, shop,
          hellmonk_ecumenical_altar_blasted, minmay_rat_gold_closets
D:2:      layout_rooms, wander_ebering_terrifying_dragon_lair, uniq_terence,
          uniq_crazy_yiuf_cottage
D:3:      layout_basic, minmay_vboxes
D:4:      layout_rooms, cheibrodos_sewer_entry_drain, corexii_hall_statues_l,
          uniq_natasha, uniq_duvessa

Skill      XL: |  1  2  3  4  5 |
---------------+----------------+-----
Fire Magic     | 3 4 |  4.2
Stealth        | 2 |  2.2
Fighting       | 1 2 |  2.4
Poison Magic   | 1 |  1.1
Evocations     | 1 |  1.0
Staves         | 1 |  1.4
Spellcasting   | 3 |  3.5
Armour         | |  0.6
Dodging        | |  1.9
Conjurations   | |  1.2

Action                   |  1- 3 |  4- 6 || total
-------------------------+-------+-------++-------
Melee: Hand axe          |     1 |       ||     1
       Staff             |    61 |     1 ||    62
       Punch             |     1 |       ||     1
       Quarterstaff      |       |    42 ||    42
       Kick              |       |     6 ||     6
 Cast: Foxfire           |    79 |     4 ||    83
       Scorch            |    13 |    30 ||    43
  Use: Scroll            |     3 |     1 ||     4
       Potion            |     3 |       ||     3
 Stab: Paralysed         |    13 |     5 ||    18
       Sleeping          |     1 |     2 ||     3
Armor: Robe              |    17 |       ||    17
       Scale mail        |       |    28 ||    28
Dodge: Dodged            |    64 |    24 ||    88
